PA
MYRTLE BEACH SEAHAWKS @ GALESBURG GUZZLERS
09/01/2042
 
TOP OF THE 1ST
Myrtle Beach Seahawks batting - Pitching for Galesburg Guzzlers : LHP Hilton Barrett
Pitching: LHP Hilton Barrett
Batting: RHB Andrew Sprinkle 0-0: Ball
1-0: Called Strike
1-1: Foul Ball, location: 2F
1-2: Ground out 5-3 (Groundball, 56S, EV 90.0 MPH)
Batting: RHB Wendel Koudstaal 0-0: Ball
1-0: DOUBLE (Flyball, 7LD, EV 97.5 MPH)
Batting: LHB John Allen 0-0: Ball
1-0: Ball
2-0: Called Strike
2-1: DOUBLE (Flyball, 8RXD, EV 91.9 MPH)
Wendel Koudstaal scores
Batting: RHB Cristo Lucas 0-0: Ball
1-0: Foul Ball, location: 2F
1-1: Ball
2-1: Foul Ball, location: 2F
2-2: Foul Ball, location: 2F
2-2: Ball
3-2: Foul Ball, location: 2F
3-2: Base on Balls
Batting: LHB Anton Zdravomyslov 0-0: SINGLE (Groundball, 34D, EV 105.0 MPH)
John Allen to third
Cristo Lucas to second
Runner from 3rd tries for Home, SAFE, throw by RF to home
Batting: RHB Bartolo Ayala 0-0: Foul Ball, location: 2F
0-1: Ball
1-1: Swinging Strike
1-2: Ground out 4-3 (Groundball, 4MD, EV 78.1 MPH)
Cristo Lucas to third
Anton Zdravomyslov to second
Batting: RHB Aleixos Arde 0-0: DOUBLE (Groundball, 5L, EV 109.4 MPH)
Cristo Lucas scores
Anton Zdravomyslov scores
Batting: RHB John Simpson 0-0: Called Strike
0-1: Ball
1-1: Ground out 4-3 (Groundball, 4, EV 101.9 MPH)
Top of the 1st over - 4 runs, 4 hits, 0 errors, 1 left on base; Myrtle Beach 4 - Galesburg 0
BOTTOM OF THE 1ST
Galesburg Guzzlers batting - Pitching for Myrtle Beach Seahawks : RHP Alan Haas
Pitching: RHP Alan Haas
Batting: RHB Cheh Che 0-0: Ball
1-0: Foul Ball, location: 2F
1-1: Ground out 6-3 (Groundball, 6, EV 106.2 MPH)
Batting: RHB Nathan Nelson 0-0: TRIPLE (Flyball, 89XD, EV 105.6 MPH)
Batting: LHB Luis Flores 0-0: Ball
1-0: Swinging Strike
1-1: Swinging Strike
1-2: Strikes out swinging
Batting: RHB Walt Reed 0-0: Swinging Strike
0-1: Swinging Strike
0-2: Strikes out swinging
Bottom of the 1st over - 0 runs, 1 hit, 0 errors, 1 left on base; Myrtle Beach 4 - Galesburg 0
TOP OF THE 2ND
Myrtle Beach Seahawks batting - Pitching for Galesburg Guzzlers : LHP Hilton Barrett
Batting: RHB Darren Gordam 0-0: Ball
1-0: Swinging Strike
1-1: Ball
2-1: Ground out 4-3 (Groundball, 4, EV 85.0 MPH)
Batting: RHB Andrew Sprinkle 0-0: Called Strike
0-1: Called Strike
0-2: Strikes out swinging
Batting: RHB Wendel Koudstaal 0-0: Called Strike
0-1: Foul Ball, location: 2F
0-2: Foul Ball, location: 2F
0-2: Strikes out swinging
Top of the 2nd over - 0 runs, 0 hits, 0 errors, 0 left on base; Myrtle Beach 4 - Galesburg 0
BOTTOM OF THE 2ND
Galesburg Guzzlers batting - Pitching for Myrtle Beach Seahawks : RHP Alan Haas
Batting: RHB Woody Marshall 0-0: Swinging Strike
0-1: Ball
1-1: Ball
2-1: Foul Ball, location: 2F
2-2: Foul Ball, location: 2F
2-2: Foul Ball, location: 2F
2-2: Ground out 5-3 (Groundball, 56, EV 86.2 MPH)
Batting: LHB Paul Green 0-0: Called Strike
0-1: Called Strike
0-2: Strikes out looking
Batting: RHB Paul Kelly 0-0: Called Strike
0-1: Ball
1-1: Ball
2-1: Ball
3-1: Foul Ball, location: 2F
3-2: Strikes out swinging
Bottom of the 2nd over - 0 runs, 0 hits, 0 errors, 0 left on base; Myrtle Beach 4 - Galesburg 0
TOP OF THE 3RD
Myrtle Beach Seahawks batting - Pitching for Galesburg Guzzlers : LHP Hilton Barrett
Batting: LHB John Allen 0-0: Foul Ball, location: 2F
0-1: Called Strike
0-2: Foul Ball, location: 2F
0-2: Foul Ball, location: 2F
0-2: Strikes out swinging
Batting: RHB Cristo Lucas 0-0: Called Strike
0-1: Ball
1-1: Foul Ball, location: 2F
1-2: Foul Ball, location: 2F
1-2: Ball
2-2: Strikes out swinging
Batting: LHB Anton Zdravomyslov 0-0: Called Strike
0-1: SINGLE (Flyball, 78S, EV 91.2 MPH)
Batting: RHB Bartolo Ayala 0-0: Ball
1-0: Called Strike
1-1: Swinging Strike
1-2: Ball
2-2: Ball
3-2: Strikes out swinging
Top of the 3rd over - 0 runs, 1 hit, 0 errors, 1 left on base; Myrtle Beach 4 - Galesburg 0
BOTTOM OF THE 3RD
Galesburg Guzzlers batting - Pitching for Myrtle Beach Seahawks : RHP Alan Haas
Batting: RHB George O'Rorke 0-0: Ball
1-0: Fly out, F8 (Line Drive, 8RD, EV 104.4 MPH)
Batting: SHB Manuel Colón 0-0: Ball
1-0: Ball
2-0: DOUBLE (Flyball, 78D, EV 113.8 MPH)
Batting: RHB Cheh Che 0-0: Called Strike
0-1: Ground out 6-3 (Groundball, 6, EV 111.2 MPH)
Batting: RHB Nathan Nelson 0-0: Foul Ball, location: 2F
0-1: Fly out, F7 (Flyball, 7LM, EV 91.2 MPH)
Bottom of the 3rd over - 0 runs, 1 hit, 0 errors, 1 left on base; Myrtle Beach 4 - Galesburg 0
TOP OF THE 4TH
Myrtle Beach Seahawks batting - Pitching for Galesburg Guzzlers : LHP Hilton Barrett
Batting: RHB Aleixos Arde 0-0: Ball
1-0: Foul Ball, location: 2F
1-1: Foul Ball, location: 2F
1-2: Ball
2-2: Foul Ball, location: 2F
2-2: Foul Ball, location: 2F
2-2: Ball
3-2: DOUBLE (Flyball, 89XD, EV 96.9 MPH)
Batting: RHB John Simpson 0-0: Ball
1-0: Ball
2-0: Ball
3-0: Fly out, F7 (Line Drive, 7D, EV 91.9 MPH)
Runner from 2nd tags up, SAFE at 3rd with throw by LF
Batting: RHB Darren Gordam 0-0: Ball
1-0: Foul Ball, location: 2F
1-1: SINGLE (Line Drive, 56, EV 96.9 MPH)
Aleixos Arde scores
Batting: RHB Andrew Sprinkle 0-0: Called Strike
Darren Gordam is caught stealing 2nd base 2-4
0-1: Ball
1-1: Fly out, F7 (Flyball, 7S, EV 88.1 MPH)
Top of the 4th over - 1 run, 2 hits, 0 errors, 0 left on base; Myrtle Beach 5 - Galesburg 0
BOTTOM OF THE 4TH
Galesburg Guzzlers batting - Pitching for Myrtle Beach Seahawks : RHP Alan Haas
Batting: LHB Luis Flores 0-0: Foul Ball, location: 2F
0-1: Ball
1-1: Ball
2-1: Ball
3-1: Swinging Strike
3-2: Foul Ball, location: 2F
3-2: SINGLE (Flyball, 8LS, EV 88.8 MPH)
Batting: RHB Walt Reed 0-0: Ball
1-0: Called Strike
1-1: Foul Ball, location: 2F
1-2: Fly out, F6 (Popup, 6M, EV 57.5 MPH)
Batting: RHB Woody Marshall 0-0: Called Strike
0-1: Ball
1-1: Swinging Strike
1-2: Ball
2-2: Ball
3-2: Fielders Choice at 2nd, 6-4 (Groundball, 6, EV 83.1 MPH)
Batting: LHB Paul Green 0-0: Swinging Strike
0-1: Called Strike
0-2: Ball
1-2: Strikes out swinging
Bottom of the 4th over - 0 runs, 1 hit, 0 errors, 1 left on base; Myrtle Beach 5 - Galesburg 0
TOP OF THE 5TH
Myrtle Beach Seahawks batting - Pitching for Galesburg Guzzlers : LHP Hilton Barrett
Batting: RHB Wendel Koudstaal 0-0: Fly out, F7 (Line Drive, 7, EV 105.6 MPH)
Batting: LHB John Allen 0-0: Ball
1-0: Ball
2-0: Foul Ball, location: 2F
2-1: Foul Ball, location: 2F
2-2: Ground out 6-3 (Groundball, 6MS, EV 91.2 MPH)
Batting: RHB Cristo Lucas 0-0: Foul Ball, location: 2F
0-1: Ball
1-1: Foul Ball, location: 2F
1-2: Ball
2-2: Ball
3-2: Foul Ball, location: 2F
3-2: Foul Ball, location: 2F
3-2: SINGLE (Line Drive, 6M, EV 104.4 MPH)
Pitching: RHP Rob Durnford
Batting: LHB Anton Zdravomyslov 0-0: Called Strike
0-1: Fly out, F7 (Flyball, 7S, EV 87.5 MPH)
Top of the 5th over - 0 runs, 1 hit, 0 errors, 1 left on base; Myrtle Beach 5 - Galesburg 0
BOTTOM OF THE 5TH
Galesburg Guzzlers batting - Pitching for Myrtle Beach Seahawks : RHP Alan Haas
Batting: RHB Paul Kelly 0-0: Called Strike
0-1: Foul Ball, location: 2F
0-2: Ball
1-2: Fly out, F9 (Flyball, 9S, EV 94.4 MPH)
Batting: RHB George O'Rorke 0-0: Foul Ball, location: 2F
0-1: Swinging Strike
0-2: Ground out 5-3 (Groundball, 56S, EV 86.2 MPH)
Batting: SHB Manuel Colón 0-0: Ground out U3 (Groundball, 3, EV 82.5 MPH)
Bottom of the 5th over - 0 runs, 0 hits, 0 errors, 0 left on base; Myrtle Beach 5 - Galesburg 0
TOP OF THE 6TH
Myrtle Beach Seahawks batting - Pitching for Galesburg Guzzlers : RHP Rob Durnford
Batting: RHB Bartolo Ayala 0-0: Fly out, F7 (Flyball, 78XD, EV 105.0 MPH)
Batting: RHB Aleixos Arde 0-0: Called Strike
0-1: Ball
1-1: Swinging Strike
1-2: Strikes out swinging
Batting: RHB John Simpson 0-0: Ball
1-0: Called Strike
1-1: Ball
2-1: Fly out, F9 (Line Drive, 9D, EV 91.9 MPH)
Top of the 6th over - 0 runs, 0 hits, 0 errors, 0 left on base; Myrtle Beach 5 - Galesburg 0
BOTTOM OF THE 6TH
Galesburg Guzzlers batting - Pitching for Myrtle Beach Seahawks : RHP Alan Haas
Batting: RHB Cheh Che 0-0: Ball
1-0: Swinging Strike
1-1: Ball
2-1: Swinging Strike
2-2: Strikes out swinging
Batting: RHB Nathan Nelson 0-0: Ball
1-0: Called Strike
1-1: Ball
2-1: Called Strike
2-2: Fly out, F4 (Popup, 4, EV 68.1 MPH)
Batting: LHB Luis Flores 0-0: Swinging Strike
0-1: Ball
1-1: Foul Ball, location: 2F
1-2: SINGLE (Flyball, 9S, EV 93.1 MPH)
Batting: RHB Walt Reed 0-0: Foul Ball, location: 2F
0-1: Ball
1-1: Swinging Strike
1-2: Ball
2-2: Strikes out swinging
Bottom of the 6th over - 0 runs, 1 hit, 0 errors, 1 left on base; Myrtle Beach 5 - Galesburg 0
TOP OF THE 7TH
Myrtle Beach Seahawks batting - Pitching for Galesburg Guzzlers : RHP Rob Durnford
Batting: RHB Darren Gordam 0-0: Ball
1-0: Swinging Strike
1-1: Ball
2-1: Foul Ball, location: 2F
2-2: Strikes out swinging
Batting: RHB Andrew Sprinkle 0-0: Swinging Strike
0-1: Swinging Strike
0-2: Ball
1-2: Ball
2-2: Strikes out swinging, 2-3 out at first.
Batting: RHB Wendel Koudstaal 0-0: Ground out 4-3 (Groundball, 4, EV 96.9 MPH)
Top of the 7th over - 0 runs, 0 hits, 0 errors, 0 left on base; Myrtle Beach 5 - Galesburg 0
BOTTOM OF THE 7TH
Galesburg Guzzlers batting - Pitching for Myrtle Beach Seahawks : RHP Alan Haas
Pitching: LHP Adrián Gómez
Batting: RHB Woody Marshall 0-0: Called Strike
0-1: SINGLE (Line Drive, 9S, EV 96.2 MPH)
Batting: LHB Paul Green 0-0: Ball
1-0: Ball
2-0: Ball
3-0: Base on Balls
Woody Marshall to second
Batting: RHB Paul Kelly 0-0: Foul Ball, location: 2F
0-1: Swinging Strike
0-2: Strikes out swinging
Batting: RHB George O'Rorke 0-0: Called Strike
0-1: Ball
1-1: Foul Ball, location: 2F
1-2: Fly out, F7 (Flyball, 7LSF, EV 95.0 MPH)
Batting: SHB Manuel Colón 0-0: Ball
1-0: Called Strike
1-1: Foul Ball, location: 2F
1-2: SINGLE (Line Drive, 4D, EV 100.0 MPH)
Woody Marshall to third
Paul Green to second
Batting: RHB Cheh Che 0-0: Ball
1-0: Ball
2-0: Foul Ball, location: 2F
2-1: Ball
3-1: Ground out 4-3 (Groundball, 4, EV 106.9 MPH)
Bottom of the 7th over - 0 runs, 2 hits, 0 errors, 3 left on base; Myrtle Beach 5 - Galesburg 0
TOP OF THE 8TH
Myrtle Beach Seahawks batting - Pitching for Galesburg Guzzlers : RHP Rob Durnford
Batting: LHB John Allen 0-0: Called Strike
0-1: Ball
1-1: Swinging Strike
1-2: Ball
2-2: Foul Ball, location: 2F
2-2: Foul Ball, location: 2F
2-2: Ball
3-2: Base on Balls
Batting: RHB Cristo Lucas 0-0: Called Strike
0-1: Ball
1-1: Ball
2-1: Ball
3-1: Fly out, F8 (Flyball, 89S, EV 79.4 MPH)
Batting: LHB Anton Zdravomyslov 0-0: Called Strike
0-1: Ball
1-1: Foul Ball, location: 2F
1-2: Strikes out swinging
Batting: RHB Bartolo Ayala 0-0: Ball
Passed Ball!
John Allen to second
1-0: Foul Ball, location: 2F
1-1: Foul Ball, location: 2F
1-2: Ball
2-2: Ball
3-2: Foul Ball, location: 2F
3-2: Foul Ball, location: 2F
3-2: Foul Ball, location: 2F
3-2: 2-RUN HOME RUN (Flyball, 78XD, EV 90.0 MPH), Distance : 402 ft
Batting: RHB Aleixos Arde 0-0: Ball
1-0: Called Strike
1-1: Swinging Strike
1-2: DOUBLE (Line Drive, 89D, EV 106.2 MPH)
Batting: RHB John Simpson 0-0: Ball
1-0: SINGLE (Line Drive, 34D, EV 95.6 MPH)
Aleixos Arde to third
Runner from 3rd tries for Home, SAFE, throw by RF to home
Pitching: LHP Tim Little
Pinch Hitting: SHB José García 0-0: Ball
1-0: Called Strike
1-1: Fielders Choice at 2nd, 5-4 (Groundball, 56, EV 89.4 MPH)
Top of the 8th over - 3 runs, 3 hits, 0 errors, 1 left on base; Myrtle Beach 8 - Galesburg 0
BOTTOM OF THE 8TH
Galesburg Guzzlers batting - Pitching for Myrtle Beach Seahawks : LHP Adrián Gómez
Now at 2B: José García
Pinch Hitting: RHB Francis Thomas 0-0: Foul Ball, location: 2F
0-1: Swinging Strike
0-2: Strikes out swinging
Pinch Hitting: RHB Kalani Puakea 0-0: Ball
1-0: Ground out 5-3 (Groundball, 56, EV 104.4 MPH)
Batting: RHB Walt Reed 0-0: Foul Ball, location: 2F
0-1: Called Strike
0-2: Ball
1-2: Foul Ball, location: 2F
1-2: Ball
2-2: Strikes out swinging
Bottom of the 8th over - 0 runs, 0 hits, 0 errors, 0 left on base; Myrtle Beach 8 - Galesburg 0
TOP OF THE 9TH
Myrtle Beach Seahawks batting - Pitching for Galesburg Guzzlers : LHP Tim Little
Now at 1B: Francis Hicken
Now in CF: Francis Thomas
Batting: RHB Andrew Sprinkle 0-0: Swinging Strike
0-1: Foul Ball, location: 2F
0-2: Foul Ball, location: 2F
0-2: Strikes out swinging
Pinch Hitting: LHB Andrés Indiano 0-0: Ball
1-0: SINGLE (Groundball, 6MD, EV 95.6 MPH)
Batting: LHB John Allen 0-0: Ball
1-0: Ball
2-0: Called Strike
2-1: Foul Ball, location: 2F
2-2: Hit by Pitch
Andrés Indiano to second
Batting: RHB Cristo Lucas 0-0: Grounds into double play, 5-4-3 (Groundball, 5S, EV 81.2 MPH)
Top of the 9th over - 0 runs, 1 hit, 0 errors, 1 left on base; Myrtle Beach 8 - Galesburg 0
BOTTOM OF THE 9TH
Galesburg Guzzlers batting - Pitching for Myrtle Beach Seahawks : LHP Adrián Gómez
Now in LF: Andrés Indiano
Batting: RHB Woody Marshall 0-0: TRIPLE (Flyball, 78XD, EV 101.2 MPH)
Pitching: RHP Zack Coffey
Batting: LHB Paul Green 0-0: Ground out U3 (Groundball, 3, EV 83.8 MPH)
Batting: RHB Paul Kelly 0-0: Called Strike
0-1: SINGLE (Line Drive, 8RS, EV 87.5 MPH)
Woody Marshall scores
Batting: RHB George O'Rorke 0-0: Called Strike
0-1: Ball
1-1: Foul Ball, location: 2F
1-2: Foul Ball, location: 2F
1-2: Strikes out swinging
Batting: SHB Manuel Colón 0-0: Ball
1-0: SINGLE (Groundball, 56, EV 84.4 MPH) (infield hit)
Paul Kelly to second
Batting: RHB Cheh Che 0-0: Called Strike
0-1: Foul Ball, location: 2F
0-2: SINGLE (Line Drive, 4MD, EV 94.4 MPH)
Paul Kelly to third
Manuel Colón to second
Batting: RHB Francis Thomas 0-0: Called Strike
0-1: Ball
1-1: Foul Ball, location: 2F
1-2: Foul Ball, location: 2F
1-2: Ball
2-2: Ball
3-2: Strikes out swinging
Bottom of the 9th over - 1 run, 4 hits, 0 errors, 3 left on base; Myrtle Beach 8 - Galesburg 1
Friday, March 26th, 2021 - OOTP Baseball 20.8 Build 74